 Dungeon Crawl Stone Soup version 0.25.0-1-g7eea58d2a3 (webtiles) character file.

Game seed: 12975423945463398297

45 Exodus22XD the Sneak (level 3, -3/14 HPs)
             Began as a Felid Enchanter on June 14, 2020.
             Slain by an adder (4 damage)
             ... on level 2 of the Dungeon.
             The game lasted 00:04:30 (1829 turns).

Exodus22XD the Sneak (Felid Enchanter)              Turns: 1829, Time: 00:04:31

Health: -3/14      AC:  1    Str:  4    XL:     3   Next: 42%
Magic:  7/7        EV: 18    Int: 16    God:
Gold:   38         SH:  0    Dex: 17    Spells: 5/6 levels left
                                        Lives:  0   Deaths: 0

rFire    . . .     SeeInvis +     - Unarmed
rCold    . . .     Gourm    .   (shield unavailable)
rNeg     . . .     Faith    .   (armour unavailable)
rPois    .         Spirit   .   (helmet unavailable)
rElec    .         Reflect  .   (cloak unavailable)
rCorr    .         Harm     .   (gloves unavailable)
MR       .....                  (boots unavailable)
Stlth    ++++......             (no amulet)
HPRegen  0.04/turn              (no ring)
MPRegen  0.10/turn              (no ring)

@: quick
A: very small, no armour, no weapons or thrown items, stealth, claws 1, fangs 3,
see invisible, carnivore, speed 1, shaggy fur 1, slow metabolism 1, sharp paws
a: no special abilities


You were on level 2 of the Dungeon.
You were completely stuffed.

You visited 1 branch of the dungeon, and saw 2 of its levels.

You collected 38 gold pieces.

Inventory:

Scrolls
 c - 2 scrolls of enchant weapon {unknown}
 d - 2 scrolls of identify {unknown}
 f - a scroll of amnesia {unknown}
Potions
 a - a potion of flight {unknown}
 e - a potion of heal wounds {unknown}
 h - a potion of brilliance {unknown}
 i - a potion of magic {unknown}
Comestibles
 b - 3 rations
 g - 6 chunks of flesh


   Skills:
 - Level 2.6 Dodging
 + Level 6.3 Stealth
 - Level 1.0 Unarmed Combat
 - Level 2.0 Spellcasting
 - Level 4.4 Hexes


You had 5 spell levels left.
You knew the following spells:

 Your Spells              Type           Power        Failure   Level  Hunger
a - Corona                Hex            ###....      3%          1    #......

Your spell library contained the following spells:

 Spells                   Type           Power        Failure   Level  Hunger
 Confusing Touch          Hex            ###.....     11%         3    ###....
 Tukima's Dance           Hex            ###.....     11%         3    ###....
 Ensorcelled Hibernation  Hex/Ice        #.....       13%         2    ###....
 Dazzling Flash           Conj/Hex       #.....       26%         3    ###....


Dungeon Overview and Level Annotations

Branches:
Dungeon (2/15)

Altars:
Uskayaw


Innate Abilities, Weirdness & Mutations

You cannot wear armour.
You are incapable of wielding weapons or throwing items.
Your paws allow you to move quietly. (Stealth)
You have sharp claws.
You have razor-sharp teeth.
You have supernaturally acute eyesight. (SInv)
You are carnivorous and can eat meat at any time.
You cover ground quickly.
You are covered in fur. (AC +1)
You have a slow metabolism.
Your sharp claws are effective at attacking unaware monsters.


Message History

You scratch the adder.
The adder is lightly wounded.
The adder bites you. The adder closely misses you.
You scratch the adder but do no damage.
The adder is lightly wounded.
The adder bites you but does no damage.
You barely miss the adder.
The adder is lightly wounded.
The adder misses you.
You barely miss the adder.
The adder is lightly wounded.
The adder misses you. The adder bites you.
You scratch the adder.
The adder is moderately wounded.
The adder stops glowing.
The adder misses you. The adder bites you.
* * * LOW HITPOINT WARNING * * *
There is an open door here.
The adder bites you.
You die...

##.......##
#..###.###..#.## ##.....##
##...#.#...##.## ##...##
#.###.#.#.##... ##'##
#.#.....#.##### ##.####
#.#.#.###.# # #####.....##
#.........# #
.........##.## #.#.#.###.#
#
>#####...###S###.#.....#.#
# #..### #.@...###.#÷#.# #
##. #....÷..#.#...# # ##
#.###..###.###.# ..#
#..........# ###
#...######## #####


You could see an adder.

Vanquished Creatures
  2 adders (D:2)
  A dart slug (D:1)
  3 bats (D:1)
  3 goblins
  2 hobgoblins
  5 jackals
  6 kobolds
  2 frilled lizards
  A rat (D:1)
25 creatures vanquished.

Notes
Turn   | Place    | Note
-------+----------+-------------------------------------------
     0 | D:1      | Exodus22XD the Felid Enchanter began the quest for the Orb.
     0 | D:1      | Reached XP level 1. HP: 7/7 MP: 4/4
   300 | D:1      | Reached skill level 5 in Stealth
   300 | D:1      | Reached XP level 2. HP: 11/11 MP: 4/6
  1636 | D:2      | Noticed a +0 hand axe
  1636 | D:2      | Noticed a +0 dagger
  1640 | D:2      | Found a hide-covered altar of Uskayaw.
  1731 | D:2      | Reached skill level 6 in Stealth
  1731 | D:2      | Reached XP level 3. HP: 14/14 MP: 7/7
  1829 | D:2      | Slain by an adder

Illustrated notes

Levels and vault maps discovered:
D:1:      heliophobic_arrival_glass_houses, layout_loops_ring
D:2:      minmay_diamond_boxcup, layout_loops_corners, lemuel_doored_altar,
          nicolae_qazlal_general_emergency, dancing_weapons_uskayaw,
          minmay_misc_feat_roman, kennysheep_donut

Skill      XL: |  1  2 |
---------------+-------+-----
Stealth        | 5 6 |  6.3
Dodging        | |  2.6
Unarmed Combat | |  1.0
Spellcasting   | |  2.0
Hexes          | |  4.4

Action                   || total
-------------------------++-------
Melee: Unarmed           ||    95
       Bite              ||     5
 Cast: Corona            ||    18
 Stab: Sleeping          ||     7
  Eat: Chunk             ||     9
Armor: Skin              ||     9
Dodge: Dodged            ||    83
